Map: Alcyone LE

Players

BroodWar - Winner!

  • Race: Protoss Protoss
  • League: Master
  • Spawn Location: 7:00

DogFaceKilla

  • Race: Protoss Protoss
  • League: Master
  • Spawn Location: 1:00

VOD

Have the link to the VOD?

Description

Time

  • Played on: June 19, 2024, 5:44 a.m.
  • Length: 6:24
Show
View Real Time Build Order
Export as new Build Order

BroodWar Protoss - Winner!

Build Orders:  

Get SALT Encoding   

  12  0:00  Probe  
  13  0:12  Probe  
  14  0:18  Pylon  
  14  0:25  Probe  
  15  0:37  Probe (Chrono Boost)  
  15  0:39  Gateway  
  16  0:48  Probe (Chrono Boost)  
  17  0:53  Probe (Chrono Boost)  
  17  0:56  Assimilator  
  18  1:03  Probe  
  19  1:15  Probe  
  20  1:18  Gateway  
  20  1:20  Gateway  
  20  1:26  Cybernetics Core  
  20  1:29  Probe  
  21  1:37  Pylon  
  21  1:41  Probe  
  22  1:54  Probe  
  23  1:56  Assimilator  
  23  2:07  Adept x3  
  29  2:17  Pylon  
  28  2:35  Adept x2 (Chrono Boost)  
  34  2:44  Adept (Chrono Boost)  
  34  2:46  Pylon  
  34  3:14  Nexus  
  36  3:24  Stalker (Chrono Boost)  
  36  3:25  Stalker (Chrono Boost)  
  38  3:37  Stalker (Chrono Boost), Pylon  
  38  3:44  Shield Battery  
  38  3:48  Probe  
  37  3:59  Stalker  
  37  4:04  Stargate  
  37  4:09  Probe  
  38  4:13  Stalker  
  38  4:16  Sentry  
  42  4:21  Probe  
  43  4:26  Probe  
  44  4:33  Probe  
  44  4:36  Stalker  
  47  4:38  Probe  
  48  4:47  Phoenix (Chrono Boost)  
  48  4:49  Probe  
  47  4:55  Stalker  
  47  4:56  Probe  
  50  5:03  Phoenix (Chrono Boost)  
  50  5:05  Probe  
  53  5:11  Stalker  
  55  5:15  Probe  
  55  5:17  Probe  
  57  5:23  Pylon  
  57  5:27  Phoenix (Chrono Boost)  
  57  5:31  Zealot  
  61  5:39  Pylon  
  61  5:41  Zealot  
  63  5:45  Stalker  
Show
View Real Time Build Order
Export as new Build Order

DogFaceKilla Protoss 

Build Orders:  

Get SALT Encoding   

  12  0:00  Probe  
  13  0:12  Probe  
  14  0:17  Pylon  
  14  0:24  Probe  
  15  0:35  Gateway  
  15  0:36  Probe (Chrono Boost)  
  16  0:46  Probe (Chrono Boost), Assimilator  
  17  0:51  Probe (Chrono Boost)  
  17  0:54  Assimilator  
  18  1:03  Probe  
  19  1:08  Gateway  
  19  1:17  Probe  
  20  1:22  Cybernetics Core  
  20  1:29  Probe  
  21  1:34  Pylon  
  21  1:41  Probe  
  22  1:53  Probe  
  23  1:58  Sentry  
  23  1:59  Stalker  
  27  2:01  Warp Gate  
  27  2:13  Pylon  
  27  2:16  Probe  
  28  2:30  Robotics Facility  
  28  2:41  Shield Battery  
  28  2:44  Stalker x2  
  32  2:51  Pylon  
  32  2:58  Gateway  
  32  3:03  Pylon  
  29  3:13  Pylon  
  29  3:26  Immortal (Chrono Boost)  
  33  3:44  Nexus  
  33  3:48  Pylon  
  30  3:56  Stalker  
  30  3:59  Stalker  
  34  4:06  Probe  
  35  4:15  Immortal (Chrono Boost)  
  35  4:18  Probe  
  40  4:43  Pylon  
  39  4:54  Warp Prism (Chrono Boost)  
  39  4:57  Probe  
  39  4:59  Stalker  
  44  5:00  Stalker  
  46  5:21  Stalker  
  46  5:23  Stalker x2  
  46  5:25  Observer  
  53  5:32  Pylon  
  51  6:01  Stalker  
  51  6:02  Stalker x2  
Tags
 
Matchup
PvP
Spawn Locations
Cross Positions
Add a new tag
Caveats
  • Supply blocks, unpowered buildings, or Contaminate may cause inaccurate times.
  • Supply counts are checked every 10 seconds.